 Dungeon Crawl Stone Soup version 0.18-a0-1788-g92de1ac (webtiles) character file.

16 wvc the Slasher (level 2, 0/14 HPs)
             Began as a Vine Stalker Wanderer on Apr 19, 2016.
             Slain by a gnoll
             ... wielding a +0 spear
              (10 damage)
             ... on level 1 of the Dungeon.
             The game lasted 00:01:04 (577 turns).

wvc the Slasher (Vine Stalker Wanderer)              Turns: 577, Time: 00:01:05

Health: 0/14       AC:  3    Str: 14    XL:     2   Next: 54%
Magic:  0/4        EV: 12    Int: 12    God:
Gold:   54         SH:  0    Dex: 13    Spells: 0 memorised, 3 levels left

rFire  . . .     SeeInvis .     m - +2 short sword (venom)
rCold  . . .     Gourm    .     d - +0 robe
rNeg   . . .     Faith    .     (no shield)
rPois  .         Spirit   +     h - +0 helmet
rElec  .         Dismiss  .     (no cloak)
rCorr  .         Reflect  .     (no gloves)
SustAt .         Harm     .     (no boots)
MR     .....                    (no amulet)
Stlth  ++........               (no ring)
                                (no ring)

@: not resistant to hostile enchantments, unstealthy
A: fangs 2, regeneration 1, magic shield, antimagic bite, no device heal 3, rot
immunity
a: no special abilities


You were on level 1 of the Dungeon.
You were not hungry.

You visited 1 branch of the dungeon, and saw 1 of its levels.

You collected 54 gold pieces.

Inventory:

Hand Weapons
 c - a +0 falchion
 m - a +2 short sword of venom (weapon)
Armour
 d - a +0 robe (worn)
 h - a +0 helmet (worn)
Scrolls
 e - 2 scrolls of identify {unknown}
 g - 2 scrolls of enchant weapon {unknown}
 j - a scroll of remove curse {unknown}
Potions
 b - a potion of curing
 k - a potion of ambrosia {unknown}
Books
 a - a book of Minor Magic

   Spells                             Type                      Level
   a - Magic Dart                     Conjuration                  1
   b - Blink                          Translocation                2
   c - Call Imp                       Summoning                    2
   d - Repel Missiles                 Charms/Air                   2
   e - Slow                           Hexes                        2
   f - Conjure Flame                  Conjuration/Fire             3
   g - Mephitic Cloud                 Conjuration/Poison/Air       3
Comestibles
 f - a bread ration
 i - a beef jerky
 l - 2 chunks of flesh
 n - a meat ration


   Skills:
 - Level 1.0 Fighting
 + Level 2.2 Long Blades
 - Level 1.0 Throwing
 - Level 1.5 Dodging
 - Level 1.2 Stealth
   Level 1.0 Shields
 - Level 1.1 Spellcasting
   Level 2.0 Earth Magic


You had 3 spell levels left.
You didn't know any spells.

Dungeon Overview and Level Annotations

Branches:
Dungeon (1/15)

Altars:


Innate Abilities, Weirdness & Mutations

You have extremely sharp teeth.
Your natural rate of healing is unusually fast.
When hurt, damage is shared between your health and your magic reserves.
Your bite disrupts and absorbs the magic of your enemies.
Potions and wands cannot restore your health.
You are immune to rotting.


Message History

You butcher the hobgoblin corpse.
l - 2 chunks of flesh You see here a club.
You open the door.
A gnoll comes into view. It is wielding a spear.
The gnoll moves out of view.
Found a bread ration.
There is an open door here.
The gnoll is too close now for your liking.
The gnoll shouts!
The gnoll hits you from afar with a spear.
The gnoll hits you with a spear.
You puncture the gnoll!
The gnoll is poisoned.
The gnoll is heavily wounded.
The gnoll hits you with a spear.
You barely miss the gnoll.
The gnoll is severely wounded.
The gnoll hits you with a spear!
Ouch! That really hurt!
You die...

## .. #.. .# #.#
##.##### ##'## #... ..#
##...## #..###.#
##.....## #..##..#
##.......##
#..#...####....%....####
.>.......)'.....@g..'...
#..#...####.........####
#......## ##.......##
#...#.#.## ##.....##
.....###.## ##...##
.......##.# ##'##
.....#.#.## #.#
#.†.#...## #.# ######.##


You could see a gnoll.

Vanquished Creatures
  A dart slug (D:1)
  A hobgoblin (D:1)
  2 jackals (D:1)
  2 bats (D:1)
  4 goblins (D:1)
  4 rats (D:1)
14 creatures vanquished.

Notes
Turn   | Place    | Note
--------------------------------------------------------------
     0 | D:1      | wvc the Vine Stalker Wanderer began the quest for the Orb.
     0 | D:1      | wvc set off with: a book of Minor Magic, a potion of curing, a +0 falchion, a +0 robe, a bread ration
     0 | D:1      | Reached XP level 1. HP: 10/10 MP: 3/3
   233 | D:1      | Reached XP level 2. HP: 12/14 MP: 4/4
   577 | D:1      | Slain by a gnoll

Vault maps used:
D:1:      mrwooster_arrival_statue_3

Skill      XL: |  1  2 |
---------------+-------+-----
Long Blades    | 2 |  2.2
Fighting       | |  1.0
Throwing       | |  1.0
Dodging        | |  1.5
Stealth        | |  1.2
Shields        | |  1.0
Spellcasting   | |  1.1
Earth Magic    | |  2.0

Action                   || total
-------------------------++-------
Melee: Falchion          ||    23
       Bite              ||     4
       Short sword       ||    11
 Stab: Sleeping          ||     2
Armor: Robe              ||     8
Dodge: Dodged            ||    18
